 Dungeon Crawl Stone Soup version 0.23.2 (webtiles) character file.

Game seed: 722027805785913418

17994 Menchi the Covert (level 11, -8/91 HPs)
             Began as a Demigod Assassin on Apr 3, 2019.
             Mangled by a red ugly thing (21 damage)
             ... on level 11 of the Dungeon.
             The game lasted 01:32:23 (17331 turns).

Menchi the Covert (Demigod Assassin)               Turns: 17331, Time: 01:32:53

Health: -8/91      AC: 15    Str: 22    XL:     11   Next: 97%
Magic:  21/21      EV: 21    Int: 17    God:
Gold:   817        SH:  8    Dex: 31    Spells: 15/17 levels left

rFire    x . .     SeeInvis +   H - +6 falchion of Infinite Pain {venom, rF- Int+4 Dex+7}
rCold    . . .     Gourm    .   (no shield)
rNeg     . . .     Faith    .   f - +5 ring mail of Coronation {Str+6}
rPois    .         Spirit   .   (no helmet)
rElec    .         Reflect  +   C - scarf {cloud immunity}
rCorr    +         Harm     .   Q - +1 pair of gloves {Dex+3}
MR       +....     Rnd*Tele +   d - +0 pair of boots
Stlth    +++++.....             K - brooch of Shielding {Reflect SH+8}
HPRegen  0.25/turn              t - ring of see invisible
MPRegen  0.17/turn              F - ring of resist corrosion

@: no status effects
A: dopey 1, high mp 2, teleportitis 1, MP-powered wands
a: no special abilities


You were on level 11 of the Dungeon.
You were not hungry.

You visited 3 branches of the dungeon, and saw 15 of its levels.

You collected 966 gold pieces.
You spent 149 gold pieces at shops.

Inventory:

Hand Weapons
 b - a +0 blowgun
 p - a +2 dagger of draining
 H - the +6 falchion of Infinite Pain (weapon) {venom, rF- Int+4 Dex+7}
   (You took it off a gnoll on level 5 of the Dungeon)

   It poisons the flesh of those it strikes.
   It affects your intelligence (+4).
   It affects your dexterity (+7).
   It makes you vulnerable to fire.
 J - a +2 dagger of flaming
Missiles
 e - 7 poisoned needles
 i - a throwing net (quivered)
Armour
 d - a +0 pair of boots (worn)
 f - the +5 ring mail of Coronation (worn) {Str+6}
   (You found it on level 11 of the Dungeon)

   It affects your strength (+6).
 k - a +0 pair of gloves
 l - a +0 troll leather armour
 C - a scarf of cloud immunity (worn)
 M - a +3 scale mail of fire resistance
 Q - a +1 pair of gloves of dexterity (worn)
 U - the +3 ring mail of Zaliplia {rN++ rCorr Str-3 Dex+4}
   (You found it on level 10 of the Dungeon)

   It affects your strength (-3).
   It affects your dexterity (+4).
   It greatly protects you from negative energy.
   It provides partial protection from all sources of acid and corrosion.
Jewellery
 t - a ring of see invisible (left hand)
 D - a +6 amulet of reflection
 F - a ring of resist corrosion (right hand)
 K - the brooch of Shielding (around neck) {Reflect SH+8}
   (You took it off an orc on level 6 of the Dungeon)

   [amulet of reflection]

   It shields you and reflects attacks.
   It affects your SH (+8).
Wands
 a - a wand of flame (47)
 A - a wand of acid (4)
 R - a wand of digging (7)
Scrolls
 j - 9 scrolls of remove curse
 n - 2 scrolls of teleportation
 r - a scroll of blinking {unknown}
 s - 7 scrolls of identify
 u - 3 scrolls of enchant armour
 v - 4 scrolls of enchant weapon {unknown}
 x - 2 scrolls of amnesia {unknown}
 y - a scroll of noise {unknown}
 E - a scroll of torment {unknown}
 I - 2 scrolls of immolation {unknown}
 L - 2 scrolls of magic mapping {unknown}
 S - a scroll of acquirement {unknown}
Potions
 c - a potion of brilliance
 w - 2 potions of flight
 B - a potion of resistance {unknown}
 G - 2 potions of might {unknown}
 N - a potion of heal wounds {unknown}
 O - a potion of haste {unknown}
 P - 3 potions of degeneration {unknown}
Miscellaneous
 o - a sack of spiders
Comestibles
 g - 22 rations
 h - a chunk of flesh


   Skills:
 + Level 6.8 Fighting
 + Level 6.9 Short Blades
 - Level 2.0 Throwing
 + Level 6.5 Armour
 * Level 9.6 Dodging
 * Level 10.9 Stealth
 - Level 3.7 Spellcasting
 - Level 4.0 Translocations


You had 15 spell levels left.
You knew the following spells:

 Your Spells              Type           Power        Failure   Level  Hunger
a - Blink                 Tloc           N/A          7%          2    ##.....

Your spell library contained the following spells:

 Spells                   Type           Power        Failure   Level  Hunger
 Magic Dart               Conj           #...         24%         1    None
 Call Imp                 Summ           #.......     36%         2    ##.....
 Slow                     Hex            #.......     36%         2    ##.....
 Conjure Flame            Conj/Fire      #.......     58%         3    ###....
 Mephitic Cloud           Conj/Pois/Air  #.......     58%         3    ###....


Dungeon Overview and Level Annotations

Branches:
Dungeon (11/15)            Temple (0/1) D:4            Lair (3/6) D:8
    Orc (1/2) D:9
  Swamp: Lair:2-4    Shoals: Lair:2-4     Snake: Lair:2-4    Spider: Lair:2-4

Shops:
D:4 (   D:5 (   D:10 }*

Annotations:
D:6 2 transporters, Acheron's ghost, amateur VSSu
D:11 Josephine
Lair:2 Snorg
Lair:3 Urug


Innate Abilities, Weirdness & Mutations

You have a considerably increased reservoir of magic. (+20% MP)
You are dopey. (Int -2)
You are occasionally teleported next to monsters.
You expend magic power (3 MP) to strengthen your wands.


Message History

The red ugly thing pecks you!
You are engulfed in flames!!
The fire burns you terribly!
The red ugly thing is no longer covered in acid.
The red ugly thing pecks you!
You are engulfed in flames!!
The fire burns you terribly!
* * * LOW HITPOINT WARNING * * *
The red ugly thing completely misses you.
You bump into the rock wall.
You feel less invigorated.
You feel less confused. You block the red ugly thing's attack.
You hit the red ugly thing.
The red ugly thing is poisoned.
The red ugly thing is moderately wounded.
The red ugly thing pecks you but does no damage. x2
You slash the red ugly thing!
The red ugly thing looks as sick as possible!
The red ugly thing is moderately wounded.
The red ugly thing pecks you!
* * * LOW HITPOINT WARNING * * *
You are engulfed in flames!!
The fire burns you terribly!
You die...

##..O.....### #.......#
'..#####÷.# #.......#
#### #.## #...)...# #<#
####'#### #####.#####
#....# #.........#
##'#######
#...!...O....###........#
..##.........#.+........#
#.........#§#@u...†..#
#......T..#T#........#
#.........#(#.._.....#
#.........#.#).......#
#...........#........#
.8.#.........####.'######
... ####.##### #..# #.#
#. ##.##### #.# ##
#.....#


You could see a red ugly thing.

Vanquished Creatures
  3 two-headed ogres
  A wolf spider (D:11)
  An ugly thing (D:11)
  A black mamba (Lair:2)
  5 spiny frogs
  3 komodo dragons (Lair:1)
  2 centaur skeletons (D:11)
  A troll (D:11)
  3 hippogriffs (Lair:1)
  A meliai zombie (D:10)
  2 wyverns
  4 hogs (D:7)
  2 basilisks
  3 vampire mosquitoes (D:9)
  16 yaks
  A human (D:7)
  9 water moccasins
  8 porcupines
  2 sky beasts (D:8)
  7 orc warriors
  A black bear (D:6)
  A phantom (D:8)
  6 ogres
  4 ice beasts
  3 wolves (Lair:3)
  6 centaurs
  4 crocodiles
  9 bullfrogs
  A water moccasin skeleton (D:7)
  7 wights (D:6)
  An electric eel (Lair:2)
  4 howler monkeys
  A crimson imp (D:6)
  A bullfrog zombie (D:7)
  8 orc wizards
  10 hounds
  Crazy Yiuf (D:6)
  A bullfrog skeleton (D:9)
  A jelly (D:8)
  8 orc priests
  A gnoll shaman (D:4)
  2 iguanas
  6 worker ants
  2 hound zombies
  A worker ant zombie (D:7)
  16 gnolls
  11 adders
  A shadow imp (D:7)
  2 oozes
  3 adder skeletons
  2 worms
  A dart slug (D:2)
  3 leopard geckos
  74 orcs
  A ball python (D:1)
  4 giant cockroaches
  7 goblins
  4 hobgoblins
  7 jackals
  6 quokkas
  11 bats
  3 frilled lizards
  3 kobolds
  2 leopard gecko skeletons
  A quokka zombie (D:6)
  7 rats
  A plant (Lair:2)
335 creatures vanquished.

Vanquished Creatures (others)
  2 bushes (Lair:1)
  5 fungi
  4 plants
11 creatures vanquished.

Grand Total: 346 creatures vanquished

Notes
Turn   | Place    | Note
-------+----------+-------------------------------------------
     0 | D:1      | Menchi the Demigod Assassin began the quest for the Orb.
     0 | D:1      | Reached XP level 1. HP: 17/17 MP: 3/3
    94 | D:1      | Reached skill level 1 in Dodging
   330 | D:1      | Reached XP level 2. HP: 20/24 MP: 4/4
   847 | D:2      | Noticed an ogre
   854 | D:2      | Killed an ogre
   854 | D:2      | Reached skill level 4 in Stealth
   854 | D:2      | Reached XP level 3. HP: 28/30 MP: 5/5
   854 | D:2      | Reached XP level 4. HP: 35/37 MP: 6/6
   964 | D:2      | Reached skill level 1 in Armour
  1164 | D:2      | Reached XP level 5. HP: 23/42 MP: 7/7
  1977 | D:3      | Found a faded altar of an unknown god.
  2234 | D:3      | Found a shadowy altar of Dithmenos.
  2934 | D:4      | Reached XP level 6. HP: 50/50 MP: 8/8
  3020 | D:4      | Reached skill level 5 in Stealth
  3582 | D:4      | Found a staircase to the Ecumenical Temple.
  4037 | D:4      | Reached XP level 7. HP: 52/57 MP: 9/9
  4230 | D:4      | Found Hekhlaf's Weapon Shoppe.
  4412 | D:5      | Entered Level 5 of the Dungeon
  4420 | D:5      | Found Hengor's Antique Weapon Shop.
  4587 | D:5      | HP: 1/57 [orc priest/nerve-wracking pain (13)]
  4806 | D:5      | Found a sacrificial altar of Ru.
  5360 | D:6      | Reached skill level 6 in Stealth
  5683 | D:6      | Identified the +6 falchion of Infinite Pain {venom, rF-
                  | Int+4 Dex+7}
  6321 | D:6      | Found an iron altar of Okawaru.
  6361 | D:6      | Noticed Acheron's ghost (amateur VSSu)
  6362 | D:6      | Found a transporter.
  6377 | D:6      | Reached XP level 8. HP: 48/66 MP: 10/10
  6408 | D:6      | Identified the cursed +1 dire flail "Coipy" {pain, rElec
                  | rF+ MP+9 Str-2}
  6412 | D:6      | Found a transporter.
  6442 | D:6      | Reached skill level 5 in Dodging
  6948 | D:6      | Found an ornate altar of the Wu Jian Council.
  7139 | D:6      | Found a runed translucent door.
  7140 | D:6      | Noticed Crazy Yiuf
  7194 | D:6      | Killed Crazy Yiuf
  7351 | D:6      | Reached skill level 7 in Stealth
  8218 | D:7      | Reached XP level 9. HP: 72/72 MP: 11/11
  8358 | D:7      | Reached skill level 8 in Stealth
  8707 | D:8      | Reached skill level 5 in Short Blades
  8740 | D:8      | Reached skill level 5 in Fighting
  8779 | D:8      | Got a crystal whip
  8780 | D:8      | Identified the cursed +0 whip of Koirghy {flame, Fragile
                  | rElec Int+5} (You found it on level 8 of the Dungeon)
  8800 | D:8      | Learned a level 2 spell: Blink
  8862 | D:8      | Found a staircase to the Lair.
  8863 | D:8      | Noticed a two-headed ogre
  8878 | D:8      | Killed a two-headed ogre
  9193 | D:8      | Found a shattered altar of Ashenzari.
  9194 | D:8      | Found a radiant altar of Vehumet.
  9200 | D:8      | Reached skill level 1 in Translocations
  9216 | D:8      | Reached skill level 1 in Spellcasting
  9334 | Lair:1   | Entered Level 1 of the Lair of Beasts
  9355 | D:8      | Reached XP level 10. HP: 70/81 MP: 14/14
 10038 | D:9      | Reached skill level 5 in Armour
 10047 | D:9      | Reached skill level 9 in Stealth
 10331 | D:9      | Found a staircase to the Orcish Mines.
 11015 | D:10     | Entered Level 10 of the Dungeon
 11043 | D:10     | Found Okeusel's General Store.
 11052 | D:10     | Bought a +0 pair of gloves of dexterity for 149 gold pieces
 11272 | D:10     | Found Daashy's Gadget Emporium.
 11418 | D:10     | Found a roughly hewn altar of Beogh.
 12023 | D:10     | Got a slimy ring mail
 12034 | D:10     | Identified the +3 ring mail of Zaliplia {rN++ rCorr Str-3
                  | Dex+4} (You found it on level 10 of the Dungeon)
 12143 | D:11     | Noticed a two-headed ogre
 12333 | D:11     | Found a white marble altar of Elyvilon.
 12340 | D:11     | Noticed a cyan ugly thing
 12364 | D:11     | Killed a cyan ugly thing
 12601 | D:11     | Found a sparkling altar of Nemelex Xobeh.
 12601 | D:11     | Noticed a wolf spider
 12700 | Orc:1    | Entered Level 1 of the Orcish Mines
 12701 | Orc:1    | Noticed a stone giant
 12831 | Orc:1    | Noticed an orc sorcerer
 12983 | Lair:1   | Reached XP level 11. HP: 66/89 MP: 18/18
 13005 | Lair:1   | HP: 4/89 [spiny frog (18)]
 13641 | Lair:1   | Reached skill level 10 in Stealth
 15438 | Lair:3   | Noticed Snorg
 16132 | Lair:3   | Noticed Urug
 16146 | Lair:3   | Gained mutation: You are dopey. (Int -2) [potion of
                  | mutation]
 16146 | Lair:3   | Gained mutation: You have a considerably increased
                  | reservoir of magic. (+20% MP) [potion of mutation]
 16146 | Lair:3   | Gained mutation: You are occasionally teleported next to
                  | monsters. [potion of mutation]
 16146 | Lair:3   | Gained mutation: You expend magic power (3 MP) to
                  | strengthen your wands. [potion of mutation]
 16446 | Lair:3   | Noticed an eight-headed hydra
 16628 | D:11     | Got a twisted ring mail
 16639 | D:11     | Identified the +5 ring mail of Coronation {Str+6} (You
                  | found it on level 11 of the Dungeon)
 16766 | D:11     | Noticed Josephine
 16833 | D:11     | Noticed a two-headed ogre
 16870 | D:11     | Killed a two-headed ogre
 17225 | D:11     | Killed a two-headed ogre
 17331 | D:11     | Mangled by a red ugly thing

Skill      XL: |  1  2  3  4  5  6  7  8  9 10 11 |
---------------+----------------------------------+-----
Dodging        | 1 2 3 4 6 7 8 9 |  9.6
Short Blades   | 2 3 4 5 6 |  6.9
Throwing       | 2 |  2.0
Fighting       | 2 3 4 5 6 |  6.8
Stealth        | 4 5 6 7 8 9 10 | 10.9
Armour         | 1 2 3 4 5 6 |  6.5
Translocations | 1 2 4 |  4.0
Spellcasting   | 1 2 3 |  3.7

Action                   |  1- 3 |  4- 6 |  7- 9 | 10-12 || total
-------------------------+-------+-------+-------+-------++-------
Melee: Dagger            |    60 |   241 |   144 |       ||   445
       Falchion          |       |       |   244 |   634 ||   878
 Fire: Blowgun           |       |     7 |     5 |     6 ||    18
 Cast: Blink             |       |       |       |     5 ||     5
Evoke: Wand              |       |       |       |     3 ||     3
       Sack of spiders   |       |       |       |     2 ||     2
       Box of beasts     |       |       |       |     1 ||     1
  Use: Scroll            |       |     2 |     2 |     9 ||    13
       Potion            |       |     1 |     2 |    10 ||    13
 Stab: Sleeping          |    10 |    10 |    10 |    15 ||    45
       Distracted        |       |       |     2 |     2 ||     4
       Invisible         |       |       |     1 |       ||     1
  Eat: Chunk             |       |    10 |    17 |    24 ||    51
       Ration            |       |       |       |     1 ||     1
Armor: Robe              |    26 |    30 |    25 |       ||    81
       Skin              |       |     1 |       |    38 ||    39
       Scale mail        |       |       |    28 |    51 ||    79
       Ring mail         |       |       |       |    82 ||    82
Dodge: Dodged            |    47 |   125 |   255 |   457 ||   884
Block: Other             |       |       |    98 |   274 ||   372
       Reflection        |       |       |     5 |     6 ||    11
       Rpst.: Falchion   |       |       |    54 |   133 ||   187
